 Dungeon Crawl Stone Soup version 0.17-a0-402-g023398c (webtiles) character file.

368 Sixotanaka the Cudgeler (level 7, -4/46 HPs)
             Began as a Human Necromancer on Apr 1, 2015.
             Slain by a centaur (8 damage)
             ... on level 4 of the Dungeon.
             The game lasted 00:12:28 (4609 turns).

Sixotanaka the Cudgeler (Human Necromancer)         Turns: 4609, Time: 00:12:28

Health: -4/46      AC:  5    Str:  8    XL:     7   Next: 1%
Magic:  6/9        EV: 12    Int: 16    God:
Gold:   166        SH:  0    Dex: 15    Spells: 3 memorised, 5 levels left

rFire  . . .     SeeInvis .     h - +1 club
rCold  . . .     Clarity  .     f - +0 leather armour
rNeg   . . .     SustAb   .     (no shield)
rPois  .         Gourm    .     E - +0 helmet
rElec  .         Spirit   .     u - +0 cloak
rCorr  .         Warding  .     (no gloves)
rMut   +         Stasis   .     (no boots)
MR     .....                    g - amulet of resist mutation
Stlth  ++........               (no ring)
                                e - ring of wizardry

@: regenerating, not resistant to hostile enchantments, unstealthy
A: no striking features
a: no special abilities


You were on level 4 of the Dungeon.
You were not hungry.

You visited 1 branch of the dungeon, and saw 4 of its levels.

You collected 166 gold pieces.


   Skills:
 + Level 6.2 Maces & Flails
 - Level 2.0 Dodging
 - Level 2.0 Stealth
 - Level 2.0 Spellcasting
 - Level 4.4 Necromancy


You had 5 spell levels left.
You knew the following spells:

 Your Spells              Type           Power        Failure   Level  Hunger
a - Animate Skeleton      Necr           N/A          3%          1    #......
g - Regeneration          Chrm/Necr      #.........   16%         3    ###....
z - Pain                  Necr           ###.         3%          1    #......


Dungeon Overview and Level Annotations

Branches:
Dungeon (4/15)
 Temple: D:4-7

Altars:
Gozag
Okawaru
Ru
Trog
Vehumet
Yredelemnul
Zin

Annotations:
D:1 1 runed door
D:4 exclusion: ogre

Inventory:

Hand weapons
 h - a +1 club (weapon)
 z - a +0 blowgun
Missiles
 j - 23 poisoned needles
Armour
 f - a +0 leather armour (worn)
 u - a +0 cloak (worn)
 E - a +0 helmet (worn)
Jewellery
 e - a ring of wizardry (left hand)
 g - an amulet of resist mutation (around neck)
Magical devices
 q - a wand of fireball (3)
Scrolls
 d - 2 scrolls of magic mapping {unknown}
 n - 4 scrolls of identify {unknown}
 p - a scroll of remove curse {@r2}
 t - a scroll of immolation {unknown}
 w - 3 scrolls of teleportation {unknown}
 x - 3 scrolls of amnesia {unknown}
 y - a scroll of noise {unknown}
 A - a scroll of fog {unknown}
Potions
 a - 2 potions of brilliance {unknown}
 k - a potion of might {unknown}
 l - a potion of poison {unknown}
 r - a potion of lignification {unknown}
 v - a potion of beneficial mutation {unknown}
 B - a potion of degeneration {unknown}
 C - 2 potions of curing {unknown}
 D - a potion of heal wounds {unknown}
Books
 b - a book of Necromancy
Comestibles
 c - 2 bread rations
 i - a royal jelly
 m - 3 chunks of flesh
 o - 2 slices of pizza
 s - a beef jerky

### #. ....# ##
.##.#.### #
#........# #
#........# ####
#........# #..#
#........# #.##
#........# #.#
#....c@((# #.#
#####.#(#######.###
.......#lr.........#
.........(########.#
..........# #.#
.........# #.#
.........# #.#
.........# #####.#
........#
#.....######


You could see a centaur, a giant gecko and a quokka.


Message History

Things that are here:
a short sword; an orc corpse You butcher the orc corpse.
m - 4 chunks of flesh You see here a short sword.
Eat one of 4 chunks of flesh? (ye/n/q/i?)
You continue eating. x2
You start resting.
There is an escape hatch in the ceiling here.
You see here a chain mail.
Found a beef jerky.
s - a beef jerky You swap places.
You swap places.
Found a cyan potion.
D - a cyan potion You swap places.
A hound skeleton comes into view.
You hit the hound skeleton. The hound skeleton bites you.
You hit the hound skeleton.
The hound skeleton bites you but does no damage.
You hit the hound skeleton. The hound skeleton bites you.
The hound skeleton barely misses you.
You hit the hound skeleton.
The hound skeleton bites you but does no damage.
You hit the hound skeleton.
The hound skeleton bites you but does no damage.
You barely miss the hound skeleton.
The hound skeleton bites you but does no damage.
The hound skeleton bites you but does no damage.
The hound skeleton bites you.
You hit the hound skeleton.
The hound skeleton bites you but does no damage.
Your goblin skeleton hits the hound skeleton.
A quokka comes into view.
You hit the hound skeleton. The hound skeleton barely misses you.
Your goblin skeleton hits the hound skeleton.
The hound skeleton is destroyed!
You have reached level 7!
Unknown command.
Unknown command.
Unknown command.
Unknown command.
Casting: Pain
Aiming: Pain
Okay, then.
A giant gecko and a centaur come into view.
The centaur shouts!
The centaur wields a shortbow.
The centaur shoots an arrow.
The arrow closely misses you.
The centaur shoots an arrow.
The arrow hits you.
You see here an arrow.
The centaur shoots an arrow.
The arrow hits you!
* * * LOW HITPOINT WARNING * * *
You see here an arrow.
The quokka bites something.
Something hits the quokka.
You start resting.
The centaur shoots an arrow.
The arrow hits you.
* * * LOW HITPOINT WARNING * * *
Casting: Pain Your skin crawls.
The centaur shoots an arrow.
The arrow barely misses you.
The centaur shoots an arrow.
The arrow hits you!
* * * LOW HITPOINT WARNING * * *
You see here an arrow.
The centaur unwields an uncursed shortbow.
The centaur hits you!
* * * LOW HITPOINT WARNING * * *
You see here an arrow.
The centaur hits you!
You die...

Action                   |  1- 3 |  4- 6 |  7- 9 || total
-------------------------+-------+-------+-------++-------
Melee: Unarmed           |     5 |       |       ||     5
       Club              |     5 |    55 |       ||    60
 Cast: Pain              |    44 |   117 |       ||   161
       Animate Skeleton  |     1 |    15 |       ||    16
       Regeneration      |       |     4 |     1 ||     5
  Use: Scroll            |     3 |     1 |       ||     4
  Eat: Chunk             |     2 |     8 |       ||    10
       Meat ration       |       |     1 |       ||     1

Vault maps used:
D:1:      dpeg_arrival_caged_fury
D:2:      serial_park_square1, lemuel_coloured_pillars_altar,
          lemuel_doored_altar, uniq_iyjb, uniq_crazy_yiuf_cottage
D:3:      zin_statuary, gammafunk_temple_overflow_claw, first_bread,
          minmay_misc_feat_encased, nicolae_ru_the_path_less_chosen
D:4:      overflow_temple_1_default, minivault_23, nrook_mini_vaults,
          grunt_ministairs_14

Notes
Turn   | Place    | Note
--------------------------------------------------------------
     0 | D:1      | Sixotanaka, the Human Necromancer, began the quest for the Orb.
     0 | D:1      | Reached XP level 1. HP: 13/13 MP: 3/3
     2 | D:1      | Found a runed door.
   161 | D:1      | Reached XP level 2. HP: 14/19 MP: 0/4
   462 | D:1      | Reached skill level 1 in Maces & Flails
   749 | D:2      | Reached skill level 2 in Maces & Flails
   749 | D:2      | Reached XP level 3. HP: 20/24 MP: 0/5
   802 | D:2      | Found a basalt altar of Yredelemnul.
  1110 | D:2      | Learned a level 1 spell: Animate Skeleton
  1114 | D:2      | Learned a level 3 spell: Regeneration
  1213 | D:2      | Reached XP level 4. HP: 23/30 MP: 0/6
  1356 | D:2      | Reached skill level 3 in Maces & Flails
  1487 | D:2      | Noticed Ijyb
  1499 | D:2      | Killed Ijyb
  1662 | D:2      | Noticed Crazy Yiuf
  1677 | D:2      | Killed Crazy Yiuf
  1677 | D:2      | Reached skill level 4 in Maces & Flails
  1677 | D:2      | Reached XP level 5. HP: 17/35 MP: 0/7
  1967 | D:2      | Found an opulent altar of Gozag.
  2772 | D:3      | Found an iron altar of Okawaru.
  2772 | D:3      | Found a radiant altar of Vehumet.
  2773 | D:3      | Found a bloodstained altar of Trog.
  2824 | D:3      | Reached XP level 6. HP: 37/41 MP: 3/8
  2865 | D:3      | Reached skill level 5 in Maces & Flails
  2928 | D:3      | Noticed a sky beast
  3031 | D:2      | Your ally Crazy Yiuf died
  3038 | D:2      | Your ally Ijyb died
  3068 | D:2      | Fiveotanaka: crazy
  3072 | D:2      | Sixotanaka: lol
  3076 | D:2      | Sixotanaka: u should have seen
  3076 | D:2      | Sixotanaka: my last char
  3076 | D:2      | Sixotanaka: i got rng like you
  3076 | D:2      | Fiveotanaka: been out of it the last few days, food poisoning =/
  3076 | D:2      | Sixotanaka: +11 exec axe of freezing from like third trog gift
  3076 | D:2      | Fiveotanaka: yum
  3076 | D:2      | Sixotanaka: running boots before lair
  3076 | D:2      | Sixotanaka: https://crawl.project357.org/morgue/Sixotanaka/morgue-Sixotanaka-20150401-200608.txt
  3076 | D:2      | Fiveotanaka: i think thats better rng than me
  3076 | D:2      | Sixotanaka: didn't even go into v5
  3076 | D:2      | Sixotanaka: lol
  3076 | D:2      | Sixotanaka: also had rf+ rc-
  3087 | D:2      | HP: 9/41 [something (6)]
  3354 | D:3      | Sixotanaka: well
  3354 | D:3      | Sixotanaka: got decent rng
  3354 | D:3      | Sixotanaka: for once
  3355 | D:3      | Fiveotanaka: you could have probably done a 15-er
  3355 | D:3      | Sixotanaka: also quaffed a bunch of mut
  3359 | D:3      | Sixotanaka: ya
  3359 | D:3      | Sixotanaka: but eh
  3359 | D:3      | Sixotanaka: it was so faceroll
  3359 | D:3      | Sixotanaka: just wanted to move on
  3656 | D:3      | Found a glowing silver altar of Zin.
  4055 | D:3      | Found a sacrificial altar of Ru.
  4109 | D:4      | Reached skill level 6 in Maces & Flails
  4597 | D:4      | Reached XP level 7. HP: 38/46 MP: 9/9
  4607 | D:4      | HP: 9/46 [centaur/arrow (10)]
  4608 | D:4      | HP: 3/46 [centaur (7)]
  4609 | D:4      | Slain by a centaur

Vanquished Creatures
  A phantom (D:3)
  A scorpion (D:3)
  Crazy Yiuf (D:2)
  A worker ant (D:4)
  A hound skeleton (D:4)
  8 adders
  A giant mite (D:3)
  3 giant geckos
  An orc (D:4)
  6 bats
  2 giant cockroaches
  7 hobgoblins
  7 jackals (D:3)
  7 kobolds
  2 quokkas
  3 ball pythons (D:1)
  A giant newt (D:2)
  13 goblins
  9 rats
75 creatures vanquished.

Vanquished Creatures (collateral kills)
  Ijyb (D:2)
  A hound skeleton (D:4)
  A rat (D:2)
3 creatures vanquished.

Vanquished Creatures (others)
  A gnoll skeleton (D:2)
  An adder skeleton (D:2)
  A giant gecko skeleton (D:2)
  5 goblin skeletons
  2 hobgoblin skeletons
  A jackal skeleton (D:3)
  3 kobold skeletons
  A quokka skeleton (D:3)
  A rat skeleton (D:2)
16 creatures vanquished.

Grand Total: 94 creatures vanquished
